Match 42056390
Unlisted

Match 42056390
End
Kradschützen Motorcycle Team
Selects Panzerjäger Kommand Battlegroup
Selects Mine Fields
Panzergrenadier Squad
Panzergrenadier Squad
Construct Light Support Kompanie
Fire Support Elements
Veteran Squad Leaders
2.5-tonne Medical Truck
Selects Defensive Positions
Panzerjäger Squad
Flakvierling Half-track
Selects Tank Busters
Construct Panzerarmee Kommand
MG34 Team
le.IG 18 Mechanized Group
Selects Butterfly Bomb Drop
Walking Stuka Rocket Launcher
Panzerjäger Squad
Losttruppen
小学猫
Yancy
HolyMolyEmpire
Currahee
Good Ol' Czepis
Turtleboy
GreyFox_13
0
0

Comments sign in to comment!

No comments posted yet!